 Dungeon Crawl Stone Soup version 0.31-a0-1161-g593ecc8 (webtiles) character file.

Game seed: 10273211849573169440

802 Anotheraccount the Caller (level 7, -2/41 HPs)
             Began as an Octopode Summoner on Dec 8, 2023.
             Was an Initiate of the Shining One.
             Shot with an arrow by a centaur (14 damage)
             ... on level 6 of the Dungeon.
             The game lasted 00:15:17 (7944 turns).

Anotheraccount the Caller (Octopode Summoner)       Turns: 7944, Time: 00:15:18

Health: -2/41      AC:  1    Str:  7    XL:     7   Next: 91%
Magic:  3/13       EV: 13    Int: 20    God:    the Shining One [......]
Gold:   274        SH:  4    Dex: 15    Spells: 6/15 levels left

rFire   . . .        g - +7 sling "Kufriym" {freeze, rC+ rCorr Dex+3 Stlth-}
rCold   + . .        p - +0 buckler
rNeg    + . .        (helmet restricted)
rPois   .            (no amulet)
rElec   .            d - ring of flight
rCorr   +            n - ring of positive energy
SInv    .            (no ring)
Will    .....        (no ring)
Stlth   +            (no ring)
HPRegen 0.26/turn    (no ring)
MPRegen 0.13/turn    (no ring)
                     (no ring)

%: no passive effects
@: flying, glowing
A: almost no armour, amphibious, 8 rings, camouflage 1, gelatinous body 1,
(nimble swimmer 1), tentacles
a: Renounce Religion


You were on level 6 of the Dungeon.
You worshipped the Shining One.
The Shining One was noncommittal.
You visited 1 branch of the dungeon, and saw 6 of its levels.

You collected 313 gold pieces.
You spent 39 gold pieces at shops.

Inventory:

Hand Weapons
 b - a +1 antimagic dagger
 c - a +1 spear
 g - the +7 sling "Kufriym" (weapon) {freeze, rC+ rCorr Dex+3 Stlth-}
   (You found it on level 3 of the Dungeon)

   Dex+3:     It affects your dexterity (+3).
   rC+:       It protects you from cold.
   rCorr:     It protects you from acid and corrosion.
   Stlth-:    It makes you less stealthy.
Armour
 p - a +0 buckler (worn)
Magical Staves
 f - a staff of death
Jewellery
 d - a ring of flight (left tentacle)
 n - a ring of positive energy (right tentacle)
Talismans
 h - a serpent talisman
Wands
 l - a wand of iceblast (9)
Scrolls
 e - 4 scrolls of teleportation
 i - 3 scrolls of identify
 j - 3 scrolls of fog
 o - a scroll of revelation
Potions
 a - 3 potions of magic
 k - a potion of heal wounds
 m - 2 potions of invisibility


   Skills:
 + Level 3.4 Dodging
 + Level 4.9 Stealth
 + Level 0.1 Shields
 - Level 0.1 Unarmed Combat
 * Level 4.5 Spellcasting
 + Level 0.1 Hexes
 * Level 6.3 Summonings
 + Level 2.2 Evocations
 + Level 1.8 Shapeshifting


You had 6 spell levels left.
You knew the following spells:

 Your Spells              Type           Power      Damage    Failure   Level
a - Summon Small Mammal   Summ           100%       N/A       1%          1
b - Call Imp              Summ           58%        N/A       2%          2
c - Call Canine Familiar  Summ           29%        N/A       4%          3
d - Summon Guardian Gole  Hex/Summ       17%        N/A       16%         3

Your spell library contained the following spells:

 Spells                   Type           Power      Damage    Failure   Level
 Ensorcelled Hibernation  Hex/Ice        8%         N/A       30%         2
 Passwall                 Tmut/Erth      3%         N/A       30%         2
 Summon Lightning Spire   Summ/Air       17%        N/A       50%         4
 Dazzling Flash           Conj/Hex       8%         N/A       52%         3
 Swiftness                Air            4%         N/A       52%         3
 Agony                    Necr           4%         N/A       99%         5
 Iskenderun's Battlesphe  Conj           4%         2d6       99%         5
 Silence                  Hex/Air        2%         N/A       99%         5
 Bombard                  Conj/Erth      2%         9d1       100%        6
 Spellforged Servitor     Conj/Summ      8%         N/A       100%        7


Dungeon Overview and Level Annotations

Branches:
Dungeon (6/15)
 Temple: D:4-7

Altars:
Cheibriados
Fedhas
Hepliaklqana
Makhleb
Okawaru
Ru
The Shining One

Shops:
D:2 ?


Innate Abilities, Weirdness & Mutations

You cannot wear most types of armour.
You are amphibious.
You can wear up to eight rings at the same time.
Your skin changes colour to match your surroundings (Stealth+).
Your rubbery body absorbs attacks. (AC +1, EV +1)
((You are camouflaged when in or above water. (Stealth+)))
You have tentacles for arms and can constrict up to eight enemies at once.


Message History

The centaur shoots an arrow.
The arrow barely misses your hound. The arrow closely misses you.
The centaur shoots an arrow.
The arrow hits your hound.
Your hound bites the centaur but does no damage.
The centaur unwields a +0 orcbow.
The centaur wields a +0 whip.
The centaur hits your hound with a +0 whip!
The centaur closely misses your hound.
Your hound bites the centaur but does no damage.
The centaur barely misses your hound. The centaur closely misses your hound.
Your hound barely misses the centaur.
The centaur unwields a +0 whip.
The centaur wields a +0 orcbow.
The centaur shoots an arrow.
The arrow misses your hound. The arrow hits your quokka!
Your quokka dies!
Your quokka's corpse disappears in a puff of smoke!
Your hound bites the centaur.
The centaur shoots an arrow.
The arrow misses your hound. The arrow closely misses you.
Your hound bites the centaur.
Casting: Summon Small Mammal (safe; 1% risk of failure)
Confirm with . or Enter, or press ? or * to list all spells.
Your hound disappears in a puff of smoke!
The centaur shoots an arrow.
The arrow hits your hound!
Unknown command.
You swap places.
The centaur shoots an arrow.
The arrow closely misses you.
The centaur shoots an arrow.
The arrow hits you!
There is an open door, spattered with blood here.
You are too injured to fight recklessly!
Unknown command.
You are too injured to fight recklessly!
You swap places.
The centaur shoots an arrow.
The arrow hits your hound!
Your hound dies!
Your hound's corpse disappears in a puff of smoke!
Casting: Call Canine Familiar (dangerous; 4% risk of failure)
Confirm with . or Enter, or press ? or * to list all spells.
The centaur shoots an arrow.
You block the arrow.
The centaur shoots an arrow.
You block the arrow.
You swap places.
The centaur shoots an arrow.
The arrow hits you!
* * * LOW HITPOINT WARNING * * *
The centaur shoots an arrow.
The arrow barely misses your hound. The arrow hits you!
You die...

#.# #.# #.#
#.# #.#
#####.#
####....[#
###..'.....#
###@..##.....#
#...####.....#
#h### #.....#
#....ยง...#
#...).#
#........#
#.....#
#........#
......#
...c.####.
....#### #####
.. ..


You could see a centaur (ally target) and a friendly hound (summoned).

Vanquished Creatures
  A phantom (D:5)
  An iguana (D:6)
  Robin (D:2)
  3 orcs
  3 hobgoblins
  2 bats (D:1)
  A kobold (D:2)
  A rat (D:1)
13 creatures vanquished.

Vanquished Creatures (collateral kills)
  Edmund (D:5)
  A scorpion (D:5)
  A jelly (D:6)
  A howler monkey (D:5)
  2 hounds
  4 iguanas
  An orc wizard (D:4)
  7 adders
  4 gnolls
  3 dart slugs
  2 orcs
  6 endoplasms
  A giant cockroach (D:2)
  14 goblins
  6 hobgoblins
  2 jackals (D:2)
  5 kobolds
  A quokka (D:5)
  4 ball pythons
  10 bats
  3 frilled lizards
  2 rats
81 creatures vanquished.

Vanquished Creatures (others)
  A jelly (D:6)
  An iguana (D:5)
  A gnoll (D:5)
3 creatures vanquished.

Grand Total: 97 creatures vanquished

Notes
Turn   | Place    | Note
-------+----------+-------------------------------------------
     0 | D:1      | Anotheraccount the Octopode Summoner began the quest for
                  | the Orb.
     0 | D:1      | Reached XP level 1. HP: 11/11 MP: 3/3
   200 | D:1      | Reached XP level 2. HP: 17/17 MP: 0/5
   370 | D:1      | Learned a level 2 spell: Call Imp
   898 | D:1      | Reached XP level 3. HP: 21/21 MP: 2/6
   902 | D:1      | Learned a level 3 spell: Call Canine Familiar
  1564 | D:2      | Found a sacrificial altar of Ru.
  2070 | D:2      | Reached XP level 4. HP: 20/27 MP: 3/8
  2177 | D:2      | Found Zeweot's Magic Scroll Boutique.
  2227 | D:2      | Bought a scroll of teleportation for 39 gold pieces
  2717 | D:2      | Reached skill level 5 in Summonings
  2779 | D:2      | Noticed Robin
  3394 | D:2      | Killed Robin
  3395 | D:2      | Reached XP level 5. HP: 27/31 MP: 3/9
  4424 | D:3      | Identified the +7 sling "Kufriym" {freeze, rC+ rCorr Dex+3
                  | Stlth-}
  4696 | D:3      | Found a faded altar of an unknown god.
  4919 | D:3      | Found a hazy altar of Hepliaklqana.
  5016 | D:3      | Found a faded altar of an unknown god.
  5075 | D:3      | Found a burning altar of Makhleb.
  5157 | D:4      | Found a glowing golden altar of the Shining One.
  5225 | D:4      | Became a worshipper of the Shining One
  5501 | D:4      | Reached XP level 6. HP: 36/36 MP: 5/11
  5607 | D:4      | Found a blossoming altar of Fedhas.
  5810 | D:4      | Found an iron altar of Okawaru.
  5841 | D:4      | Found a snail-covered altar of Cheibriados.
  5841 | D:4      | Noticed a torpor snail
  5841 | D:4      | Noticed a torpor snail
  5843 | D:4      | Noticed a torpor snail
  6031 | D:5      | Entered Level 5 of the Dungeon
  6071 | D:5      | Reached skill level 1 in Evocations
  6212 | D:5      | Reached skill level 1 in Shapeshifting
  6355 | D:5      | Reached XP level 7. HP: 41/41 MP: 7/13
  6359 | D:5      | Learned a level 3 spell: Summon Guardian Golem
  7080 | D:5      | Noticed Edmund
  7118 | D:5      | Killed Edmund
  7119 | D:5      | Reached skill level 6 in Summonings
  7944 | D:6      | Shot with an arrow by a centaur

Illustrated notes

Levels and vault maps discovered:
D:1:      nagdon_arrival_double_spiral, layout_loops_ring, serial_forest,
          infiniplex_forest_end_double, infiniplex_forest_corner_1,
          infiniplex_forest_end_2, infiniplex_forest_zigzag_1,
          infiniplex_forest_lined_4_way, infiniplex_forest_straight_2
D:2:      minmay_door_path, layout_basic, serial_shops, shop, basic_altar,
          nicolae_hexahallways, serial_park_tiny_1, minmay_diced_spiral,
          uniq_sigmund, uniq_robin
D:3:      layout_loops_ring, nicolae_overflow_ecumenical_swirl,
          nicolae_hepliaklqana_hippocampus, shapermc_ecumenical_altar_ellora,
          minivault_4
D:4:      layout_rooms, fedhas_altar_1, mainiacjoe_overflow_small_starburst,
          marbit_many_paths, cheibriados_altar_2
D:5:      layout_loops_ring, uniq_edmund
D:6:      layout_basic

Skill      XL: |  1  2  3  4  5  6  7 |
---------------+----------------------+-----
Stealth        | 3 4 |  4.9
Spellcasting   | 3 4 |  4.5
Summonings     | 5 6 |  6.3
Evocations     | 1 2 |  2.2
Shapeshifting  | 1 |  1.8
Dodging        | 3 |  3.4
Shields        | |  0.1
Unarmed Combat | |  0.1
Hexes          | |  0.1

Action                     |  1- 3 |  4- 6 |  7- 9 || total
---------------------------+-------+-------+-------++-------
  Melee: Unarmed           |     2 |       |       ||     2
         Constrict         |     4 |     2 |       ||     6
         Spear             |    19 |     7 |       ||    26
         Tentacles         |     2 |     2 |       ||     4
   Fire: Sling             |       |    10 |     3 ||    13
   Cast: Summon Small Mamm |    36 |    22 |    14 ||    72
         Call Imp          |    17 |    26 |       ||    43
         Call Canine Famil |     5 |    37 |    23 ||    65
         Summon Guardian G |       |       |    10 ||    10
    Use: Potion            |     3 |     5 |     1 ||     9
         Scroll            |     2 |     8 |     2 ||    12
   Stab: Sleeping          |     1 |       |       ||     1
 Armour: Skin              |    13 |    12 |     9 ||    34
  Dodge: Dodged            |    22 |    16 |     8 ||    46
  Block: Buckler           |       |       |     2 ||     2

Table legend: (Time is in decaauts)
 A = Elapsed time spent in this place.
 B = Non-inter-level travel time spent in this place.
 C = Inter-level travel time spent in this place.
 D = Time resting spent in this place.
 E = Time spent auto-exploring this place.
 F = Levels seen in this place.
 G = Mean time per level.
                   A        B        C        D        E       F      G
               +--------+--------+--------+--------+--------+-----+--------+
         Total |   7942 |   7674 |    268 |    172 |   6328 |   6 | 1323.7 |
       Dungeon |   7942 |   7674 |    268 |    172 |   6328 |   6 | 1323.7 |
               +--------+--------+--------+--------+--------+-----+--------+

Top non-repeatable levels by time:
     D:2: 2287 daAuts
     D:5: 1511 daAuts
     D:1: 1448 daAuts
     D:3: 1376 daAuts
     D:4: 915 daAuts
     D:6: 403 daAuts
